 Dungeon Crawl Stone Soup version 0.19-a0-1225-gf887c1c (webtiles) character file.

105 glosham the Sneak (level 4, 0/35 HPs)
             Began as a Merfolk Abyssal Knight on Aug 25, 2016.
             Was a Follower of Lugonu.
             Slain by a jackal (1 damage)
             ... on level 2 of the Dungeon.
             The game lasted 00:16:19 (590 turns).

glosham the Sneak (Merfolk Abyssal Knight)           Turns: 590, Time: 00:16:20

Health: 0/35       AC:  3    Str: 12    XL:     4   Next: 83%
Magic:  5/5        EV: 12    Int: 12    God:    Lugonu [*.....]
Gold:   90         SH:  0    Dex: 13    Spells: 0 memorised, 3 levels left

rFire  . . .     SeeInvis .     a - +1 spear
rCold  . . .     Gourm    .     b - +0 leather armour
rNeg   . . .     Faith    .     (no shield)
rPois  .         Spirit   .     (no helmet)
rElec  .         Dismiss  .     (no cloak)
rCorr  .         Reflect  .     (no gloves)
MR     .....     Harm     .     (no boots)
Stlth  +++.......               (no amulet)
                                (no ring)
                                (no ring)

@: no status effects
A: change form in water, swift swim
a: Depart the Abyss, Renounce Religion


You were on level 2 of the Dungeon.
You worshipped Lugonu.
Lugonu was aware of your devotion.
You were not hungry.

You visited 1 branch of the dungeon, and saw 3 of its levels.
You visited the Abyss 1 time.

You collected 90 gold pieces.

Inventory:

Hand Weapons
 a - a +1 spear (weapon)
Missiles
 f - 52 stones (quivered)
Armour
 b - a +0 leather armour (worn)
 e - a +0 chain mail
Scrolls
 g - a scroll of identify
 h - a scroll of magic mapping
Books
 d - a book of the Earth

   Spells                             Type                      Level
   a - Leda's Liquefaction            Hexes/Earth                  4
   b - Bolt of Magma                  Conjuration/Fire/Earth       5
   c - Statue Form                    Transmutation/Earth          6
   d - Iron Shot                      Conjuration/Earth            6
   e - Shatter                        Earth                        9
Comestibles
 c - a bread ration


   Skills:
 - Level 3.2 Fighting
 * Level 3.6 Polearms
 - Level 0.6 Armour
 - Level 2.6 Dodging
 - Level 4.8 Stealth
 - Level 2.0 Invocations


You had 3 spell levels left.
You didn't know any spells.

Dungeon Overview and Level Annotations

Branches:
Dungeon (3/15)

Altars:

Annotations:
D:2 Terence


Message History

You feel sick. The giant cockroach misses you.
The jackal bites you but does no damage.
The jackal closely misses you. x2
You feel sick. The jackal closely misses you.
You feel sick. The jackal barely misses you.
Found a potion of curing.
You hit the jackal.
The jackal is moderately wounded.
The jackal barely misses you.
You closely miss the jackal.
The jackal is moderately wounded.
The jackal bites you but does no damage.
You closely miss the jackal.
The jackal is moderately wounded.
The jackal barely misses you. The jackal bites you.
* * * LOW HITPOINT WARNING * * *
You hit the jackal.
The jackal is heavily wounded.
The jackal bites you but does no damage.
You closely miss the jackal.
The jackal is heavily wounded.
You feel sick.
You are no longer poisoned.
The jackal barely misses you.
You barely miss the jackal.
The jackal is heavily wounded.
The jackal bites you.
* * * LOW HITPOINT WARNING * * *
The jackal bites you.
* * * LOW HITPOINT WARNING * * *
The jackal bites you but does no damage.
Found 22 stones.
The jackal bites you.
* * * LOW HITPOINT WARNING * * *
A giant newt comes into view.
The jackal bites you.
* * * LOW HITPOINT WARNING * * *
The jackal bites you.
You die...

.#.#.#..#.#<..######
# #!.#.#........#
.#l.#.r..(.....#
#...............##
..#.....h.K.>....#
..#..#...#S......#
#. ##.###.##s.@...#
$. ...#.h....# #(
....#..@##.#
##...+......#
....##.##..# ... .?.
.^# ##.# ..l #.#
.... ... .... ..
....


You could see Terence, an adder, 2 jackals, a giant cockroach, a kobold, a giant
newt (sleeping) and a rat.

Vanquished Creatures
  An eye of draining (Abyss:2)
  A dart slug (D:1)
  A giant gecko (D:1)
  2 bats (D:1)
  3 hobgoblins (D:1)
  2 jackals (D:1)
  2 kobolds
12 creatures vanquished.

Notes
Turn   | Place    | Note
-------+----------+-------------------------------------------
     0 | Abyss:1  | glosham the Merfolk Abyssal Knight began the quest for the Orb.
     0 | Abyss:1  | Reached XP level 1. HP: 18/18 MP: 2/2
    33 | Abyss:1  | Noticed a small abomination
    71 | Abyss:2  | Noticed a hungry ghost
    82 | Abyss:2  | Noticed a naga
    85 | Abyss:2  | Noticed a naga
    86 | Abyss:2  | Found a corrupted altar of Lugonu.
   108 | Abyss:2  | Noticed an iron imp
   140 | Abyss:2  | Noticed an insubstantial wisp
   174 | Abyss:2  | Noticed a quasit
   187 | Abyss:2  | Noticed an eye of draining
   208 | Abyss:2  | Killed an eye of draining
   208 | Abyss:2  | Reached skill level 4 in Stealth
   208 | Abyss:2  | Reached XP level 2. HP: 24/24 MP: 0/3
   208 | Abyss:2  | Reached XP level 3. HP: 29/29 MP: 0/4
   208 | Abyss:2  | Reached XP level 4. HP: 35/35 MP: 0/5
   270 | Abyss:2  | Noticed a chaos spawn
   273 | Abyss:2  | Noticed a large abomination
   305 | D:1      | Escaped the Abyss
   471 | D:1      | Reached * piety under Lugonu
   563 | D:2      | Noticed Terence
   585 | D:2      | HP: 1/35 [jackal (3)]
   590 | D:2      | Slain by a jackal

Vault maps used:
D:1:      eino_arrival_cavern_e
D:2:      minmay_pentomino_t4, uniq_sigmund, uniq_iyjb, uniq_jessica,
          uniq_terence
D:3:      first_bread, portal_sewer_entry_b, minmay_misc_feat_four_crosses
Abyss:2:  eino_small_chamber_without_monster

Skill      XL: |  1 |
---------------+----+-----
Stealth        | 4 |  4.8
Fighting       | |  3.2
Polearms       | |  3.6
Armour         | |  0.6
Dodging        | |  2.6
Invocations    | |  2.0

Action                   |  1- 3 |  4- 6 || total
-------------------------+-------+-------++-------
Melee: Spear             |    21 |    39 ||    60
Invok: Depart the Abyss  |       |     1 ||     1
  Use: Scroll            |     2 |     1 ||     3
       Potion            |     1 |       ||     1
 Stab: Sleeping          |       |     6 ||     6
Armor: Leather armour    |       |    11 ||    11
Dodge: Dodged            |       |    28 ||    28

Table legend:
 A = Turns spent in this place as a percentage of turns spent in the entire game.
 B = Non-inter-level travel turns spent in this place as a percentage of non-inter-level travel turns spent in the entire game.
 C = Inter-level travel turns spent in this place as a percentage of turns spent in this place.
 D = Turns resting spent in this place as a percentage of non-inter-level travel turns spent in this place.
 E = Turns spent auto-exploring this place as a percentage of non-inter-level travel turns spent in this place.
 F = Non-inter-level travel turns spent in this place divided by the number of levels of this place that you've seen.
                   A       B       C       D       E      F
               +-------+-------+-------+-------+-------+----------------------
         Total | 100.0 | 100.0 |   0.0 |   0.0 |   0.0 | 116.4
       Dungeon |  44.5 |  44.5 |   0.0 |   0.0 |   0.0 |  86.3
         Abyss |  55.5 |  55.5 |   0.0 |   0.0 |   0.0 | 161.5
               +-------+-------+-------+-------+-------+----------------------

Table legend:
 A = Kills in this place as a percentage of kills in entire the game.
 B = Kills by you in this place as a percentage of kills by you in the entire game.
 C = Kills by friends in this place as a percentage of kills by friends in the entire game.
 D = Other kills in this place as a percentage of other kills in the entire game.
 E = Experience gained in this place as a percentage of experience gained in the entire game.
 F = Experience gained in this place divided by the number of levels of this place that you have seen.
                   A       B       C       D       E      F
               +-------+-------+-------+-------+-------+----------------------
         Total | 100.0 | 100.0 |  -nan |  -nan | 100.0 |  30.2
       Dungeon |  91.7 |  91.7 |  -nan |  -nan |  15.9 |   8.0
         Abyss |   8.3 |   8.3 |  -nan |  -nan |  84.1 |  63.5
               +-------+-------+-------+-------+-------+----------------------

Vault maps used:
D:1:      eino_arrival_cavern_e
D:2:      minmay_pentomino_t4, uniq_sigmund, uniq_iyjb, uniq_jessica,
          uniq_terence
D:3:      first_bread, portal_sewer_entry_b, minmay_misc_feat_four_crosses
Abyss:2:  eino_small_chamber_without_monster
